 Dungeon Crawl Stone Soup version 0.29.1-13-g9f3cf754e1 (webtiles) character file.

Game seed: 14931495012415357582

360 Atelerd the Sneak (level 6, -3/38 HPs)
             Began as an Octopode Earth Elementalist on Feb 9, 2023.
             Slain by a hobgoblin
             ... wielding a +0 hand axe of freezing
              (4 damage)
             ... on level 5 of the Dungeon.
             The game lasted 00:05:04 (3143 turns).

Atelerd the Sneak (Octopode Earth Elementalist)     Turns: 3143, Time: 00:05:05

Health: -3/38      AC:  1    Str:  5 (7)  XL:     6   Next: 65%
Magic:  1/10       EV: 13    Int: 17 (20) God:
Gold:   175        SH:  0    Dex: 11 (12) Spells: 3/10 levels left

rFire   . . .      SeeInvis .   n - +0 dagger (venom)
rCold   . . .      Faith    .   (no shield)
rNeg    . . .      Spirit   .   (helmet restricted)
rPois   .          Reflect  .   (no amulet)
rElec   .          Harm     .   (no ring)
rCorr   .          Rampage  .   (no ring)
Will    .....                   (no ring)
Stlth   ++++......              (no ring)
HPRegen 0.12/turn               (no ring)
MPRegen 0.12/turn               (no ring)
                                (no ring)
                                (no ring)

@: no status effects
A: almost no armour, amphibious, 8 rings, camouflage 1, gelatinous body 1,
(nimble swimmer 1), tentacles
a: no special abilities


You were on level 5 of the Dungeon.
You visited 1 branch of the dungeon, and saw 5 of its levels.

You collected 175 gold pieces.

Inventory:

Hand Weapons
 g - a +0 dagger
 n - a +0 dagger of venom (weapon)
Missiles
 p - 2 throwing nets
Jewellery
 o - a ring of protection from fire
 r - a +6 ring of intelligence
 u - a ring of ice
Wands
 k - a wand of polymorph (4)
Scrolls
 b - a scroll of blinking {unknown}
 c - 3 scrolls of butterflies {unknown}
 d - 2 scrolls of magic mapping {unknown}
 f - a scroll of enchant weapon {unknown}
 i - 8 scrolls of identify {unknown}
 m - a scroll of enchant armour {unknown}
 t - a scroll of teleportation {unknown}
Potions
 a - a potion of magic
 e - 2 potions of curing {unknown}
 h - a potion of ambrosia {unknown}
 j - 4 potions of mutation {unknown}
 l - a potion of flight {unknown}
 q - a potion of invisibility {unknown}
 s - a potion of degeneration


   Skills:
 - Level 1.0 Fighting
 - Level 1.0 Short Blades
 - Level 2.4 Dodging
 * Level 5.5 Stealth
 + Level 2.9 Spellcasting
 - Level 3.0 Transmutations
 * Level 4.4 Earth Magic


You had 3 spell levels left.
You knew the following spells:

 Your Spells              Type           Power      Damage    Failure   Level
a - Sandblast             Erth           34%        2d9       3%          1
c - Blink                 Tloc           4%         N/A       26%         2
p - Petrify               Tmut/Erth      15%        N/A       36%         4

Your spell library contained the following spells:

 Spells                   Type           Power      Damage    Failure   Level
 Passwall                 Tmut/Erth      12%        N/A       6%          2
 Stone Arrow              Conj/Erth      20%        3d8       22%         3
 Tukima's Dance           Hex            2%         N/A       47%         3
 Passage of Golubria      Tloc           2%         N/A       87%         4
 Yara's Violent Unravell  Hex/Tmut       3%         3d4       95%         5
 Manifold Assault         Tloc           2%         N/A       99%         5
 Storm Form               Tmut/Air       3%         N/A       100%        7


Dungeon Overview and Level Annotations

Branches:
Dungeon (5/15)
 Temple: D:4-7

Altars:

Annotations:
D:3 3 runed translucent doors, laros's ghost, amateur MiBe
D:4 Eustachio


Innate Abilities, Weirdness & Mutations

You cannot wear most types of armour.
You are amphibious.
You can wear up to eight rings at the same time.
Your skin changes colour to match your surroundings (Stealth+).
Your rubbery body absorbs attacks. (AC +1, EV +1)
((You are camouflaged when in or above water. (Stealth+)))
You have tentacles for arms and can constrict up to eight enemies at once.


Message History

The orc is lightly wounded.
The orc hits you with a +0 hand axe of freezing.
The orc freezes you.
The blast of sand hits the orc but does no damage.
The orc is lightly wounded.
The orc completely misses you.
The orc hits you with a +0 hand axe of freezing!
The orc freezes you.
You are too injured to fight recklessly!
The orc attacks as you move away!
The orc hits you with a +0 hand axe of freezing.
The orc freezes you.
* * * LOW HITPOINT WARNING * * *
Okay, then.
Aiming: Polymorph
Press: ? - help, Shift-Dir - straight line, f/p - orc
Aim: an orc, wielding a +0 hand axe of freezing and wearing a +0 scale mail (lightly wounded, will become a frilled lizard, a quokka, or a hobgoblin, chance to affect: 66%)
The orc evaporates and reforms as a hobgoblin!
You closely miss the hobgoblin. Your grab misses the hobgoblin.
You squeeze the hobgoblin, but do no damage.
The hobgoblin picks up a +0 hand axe of freezing.
The hobgoblin wields a +0 hand axe of freezing.
It glows with a cold blue light!
The hobgoblin picks up a +0 scale mail.
The hobgoblin wears a +0 scale mail.
Casting: Sandblast (safe; 2% risk of failure)
Confirm with . or Enter, or press ? or * to list all spells.
Aiming: Sandblast (safe; 2% risk of failure)
Press: ? - help, Shift-Dir - straight line, f/p - hobgoblin
Aim: a hobgoblin, wielding a +0 hand axe of freezing and wearing a +0 scale mail (85% to hit)
The blast of sand misses the hobgoblin.
The hobgoblin hits you with a +0 hand axe of freezing!
* * * LOW HITPOINT WARNING * * *
The hobgoblin freezes you.
* * * LOW HITPOINT WARNING * * *
Okay, then.
It was a potion of degeneration.
There was something very wrong with that liquid.
You feel weakened.
You feel dopey.
You feel clumsy.
The hobgoblin hits you with a +0 hand axe of freezing.
You die...

#......(# #
###.....## #
.....)....#
#.#.......#.#
..##.####h# .....
..#)# . .#.. #.#)#
....#..##.#.#######
......†....hg@÷...#
......###########.#
..... #.# .##. #.#
.. ###.##### .#
#.......# #.#..##.#
#.##.##.# #.##..#.#


You could see a black bear and a hobgoblin.

Vanquished Creatures
  An ice beast (D:5)
  A hound (D:5)
  An iguana (D:5)
  Natasha (thrice) (D:2)
  5 adders
  An ufetubus (D:5)
  4 worms (D:2)
  2 dart slugs (D:1)
  5 orcs
  2 bats
  4 endoplasms
  7 giant cockroaches
  5 goblins
  4 hobgoblins
  4 jackals (D:1)
  13 kobolds
  A quokka (D:4)
  2 ball pythons
  A frilled lizard (D:1)
  5 rats
71 creatures vanquished.

Vanquished Creatures (others)
  A withered plant (D:3)
1 creature vanquished.

Grand Total: 72 creatures vanquished

Notes
Turn   | Place    | Note
-------+----------+-------------------------------------------
     0 | D:1      | Atelerd the Octopode Earth Elementalist began the quest for
                  | the Orb.
     0 | D:1      | Reached XP level 1. HP: 11/11 MP: 3/3
   297 | D:1      | Reached XP level 2. HP: 17/17 MP: 1/5
   722 | D:1      | Reached skill level 3 in Stealth
   815 | D:1      | Reached XP level 3. HP: 19/21 MP: 4/6
  1048 | D:1      | You fall into a shaft and drop 1 floor!
  1091 | D:2      | Noticed Natasha
  1098 | D:2      | Killed Natasha
  1099 | D:2      | Reached XP level 4. HP: 27/27 MP: 5/7
  1147 | D:2      | Noticed Natasha
  1221 | D:2      | Reached skill level 4 in Stealth
  1253 | D:2      | Killed Natasha
  1469 | D:2      | Noticed Natasha
  1474 | D:2      | Killed Natasha
  1475 | D:2      | Reached XP level 5. HP: 9/31 MP: 5/8
  2155 | D:3      | Found a runed translucent gate.
  2155 | D:3      | Found a runed translucent gate.
  2172 | D:3      | Noticed laros's ghost (amateur MiBe)
  2182 | D:3      | Found a runed translucent gate.
  2200 | D:3      | Found a faded altar of an unknown god.
  2498 | D:3      | Learned a level 4 spell: Petrify
  2501 | D:3      | Learned a level 2 spell: Blink
  2764 | D:4      | Noticed Eustachio
  2781 | D:5      | Entered Level 5 of the Dungeon
  2785 | D:5      | Reached skill level 5 in Stealth
  2825 | D:5      | Noticed an ice beast
  2837 | D:5      | Killed an ice beast
  2838 | D:5      | Reached XP level 6. HP: 37/37 MP: 6/10
  3121 | D:5      | Reached skill level 1 in Short Blades
  3131 | D:5      | Reached skill level 1 in Fighting
  3135 | D:5      | Noticed a black bear
  3142 | D:5      | HP: 1/38 [hobgoblin/+0 hand axe of freezing (1)]
  3143 | D:5      | Slain by a hobgoblin

Illustrated notes

Levels and vault maps discovered:
D:1:      psy_arrival_spokes, layout_loops_corners, chequers_mini_garden
D:2:      layout_basic, nicolae_wormholes, uniq_natasha
D:3:      layout_basic, ebering_ecumenical_altar_petrified,
          gammafunk_ghost_split
D:4:      layout_loops_ring, minmay_temple_entry_mist, uniq_eustachio,
          uniq_crazy_yiuf_cottage, uniq_robin
D:5:      layout_loops_cross

Skill      XL: |  1  2  3  4  5  6 |
---------------+-------------------+-----
Stealth        | 3 4 5 |  5.5
Transmutations | 2 3 |  3.0
Earth Magic    | 4 |  4.4
Short Blades   | 1 |  1.0
Fighting       | 1 |  1.0
Dodging        | |  2.4
Spellcasting   | |  2.9

Action                   |  1- 3 |  4- 6 || total
-------------------------+-------+-------++-------
Melee: Unarmed           |     8 |       ||     8
       Tentacles         |     6 |     8 ||    14
       Constrict         |     9 |     5 ||    14
       Dagger            |    19 |    32 ||    51
       Punch             |     1 |     1 ||     2
 Cast: Sandblast         |    20 |    60 ||    80
       Petrify           |       |     1 ||     1
Evoke: Wand              |       |     1 ||     1
  Use: Potion            |       |     1 ||     1
 Stab: Sleeping          |     5 |    12 ||    17
       Petrified         |       |     5 ||     5
Armor: Skin              |     1 |     4 ||     5
Dodge: Dodged            |    29 |    27 ||    56
